[Event "RUS-ch Men Blitz 2019"]
[Site "Sochi"]
[Date "2019.10.20"]
[Round "2.2"]
[White "Yuffa, Daniil"]
[Black "Vakhlamov, Igor L."]
[Result "1-0"]
[ECO "E01"]
[WhiteElo "2577"]
[BlackElo "2428"]
[Annotator "ChessBase"]
[PlyCount "88"]
[EventDate "2019.10.17"]
[EventType "swiss"]
[EventCountry "RUS"]
[SourceTitle "playchess.com"]
[Source "ChessBase"]
[SourceQuality "1"]
[TimeControl "180+2"]

1. d4 Nf6 2. c4 e6 3. g3 d5 4. Bg2 Bb4+ 5. Bd2 Be7 6. Nf3 O-O 7. O-O Nbd7 8. Nc3 dxc4 9. e4 c5 10. Bf4 Nb6 11. a4 cxd4 12. Qxd4 Qxd4 13. Nxd4 Nbd7 14. Nf3 Nc5 15. Ne5 Bd7 16. Nxc4 Bc6 17. Na5 Nd3 18. Be3 Nxb2 19. Rab1 Nd3 20. Nxb7 Rac8 21. Rfd1 Ne5 22. Nd6 Bxd6 23. Rxd6 Nc4 24. Rd3 Nxe3 25. Rxe3 Ng4 26. Ree1 Ne5 27. f4 Nc4 28. Nb5 Bxb5 29. axb5 Rfd8 30. e5 g6 31. Rbc1 Nb6 32. Rc6 Nd5 33. Bxd5 exd5 34. Ra1 Rxc6 35. bxc6 Rc8 36. Ra6 Kf8 37. Kf2 Rc7 38. Ke3 Ke7 39. Kd4 Ke6 40. g4 h6 41. f5+ gxf5 42. gxf5+ Kxf5 43. Kxd5 Re7 44. Kd6 Rxe5 1-0

[Event "RUS-ch Men Blitz 2019"]
[Site "Sochi"]
[Date "2019.10.17"]
[Round "2.2"]
[White "Tsydypov, Zhamsaran"]
[Black "Dudin, Gleb"]
[Result "1-0"]
[ECO "B06"]
[WhiteElo "2553"]
[BlackElo "2314"]
[Annotator "ChessBase"]
[PlyCount "75"]
[EventDate "2019.10.17"]
[EventType "swiss"]
[EventCountry "RUS"]
[SourceTitle "playchess.com"]
[Source "ChessBase"]
[SourceQuality "1"]
[TimeControl "180+2"]

1. e4 g6 2. d4 Bg7 3. Nc3 d6 4. Be3 a6 5. Qd2 b5 6. h4 h5 7. f3 Bb7 8. Nh3 Nd7 9. Ng5 e6 10. O-O-O Qe7 11. d5 Ne5 12. Bd4 Nf6 13. dxe6 fxe6 14. Bxe5 dxe5 15. g3 Nh7 16. Nxh7 Rxh7 17. Kb1 Rd8 18. Bd3 Bh6 19. Qg2 Be3 20. g4 hxg4 21. Qxg4 Qf6 22. h5 g5 23. a4 c6 24. Be2 Rxd1+ 25. Rxd1 Rd7 26. Rxd7 Kxd7 27. axb5 cxb5 28. Nd5 Bxd5 29. exd5 Kd6 30. Qe4 Bc5 31. dxe6 Qxe6 32. Qb7 Qh3 33. Qxa6+ Ke7 34. Qxb5 Bd6 35. Qb7+ Kf6 36. Bc4 Qxh5 37. Qd7 Qh1+ 38. Ka2 1-0

[Event "RUS-ch Men Blitz 2019"]
[Site "Sochi"]
[Date "2019.10.20"]
[Round "2.3"]
[White "Tsoi, Dmitry"]
[Black "Khismatullin, Denis"]
[Result "0-1"]
[ECO "A02"]
[WhiteElo "2323"]
[BlackElo "2611"]
[Annotator "ChessBase"]
[PlyCount "74"]
[EventDate "2019.10.17"]
[EventType "swiss"]
[EventCountry "RUS"]
[SourceTitle "playchess.com"]
[Source "ChessBase"]
[SourceQuality "1"]
[TimeControl "180+2"]

1. f4 c5 2. Nf3 g6 3. g3 Bg7 4. Bg2 Nc6 5. O-O d6 6. d3 e5 7. c3 Nge7 8. e4 O-O 9. f5 gxf5 10. Nh4 fxe4 11. dxe4 f6 12. Na3 Be6 13. Nc2 d5 14. exd5 Bxd5 15. Bh3 Bc4 16. Ne3 Bxf1 17. Qxf1 e4 18. Nef5 Ne5 19. Be3 Qc7 20. Qe2 Rae8 21. Qh5 N7g6 22. Rf1 b6 23. Nxg7 Qxg7 24. Nf5 Qc7 25. Kg2 Nf3 26. Qg4 Kh8 27. Nh6 Qg7 28. Nf5 Qd7 29. Qh5 Qd3 30. Bg4 Nge5 31. Bh6 Rf7 32. Bg7+ Kg8 33. Bxf6 Qe2+ 34. Rf2 Ne1+ 35. Kh3 Qxg4+ 36. Qxg4+ Nxg4 37. Bg5 Nxf2+ 0-1

[Event "RUS-ch Men Blitz 2019"]
[Site "Sochi"]
[Date "2019.10.17"]
[Round "2.6"]
[White "Lysyj, Igor"]
[Black "Pogromsky, Mikhail"]
[Result "1-0"]
[ECO "E10"]
[WhiteElo "2596"]
[BlackElo "2411"]
[Annotator "ChessBase"]
[PlyCount "89"]
[EventDate "2019.10.17"]
[EventType "swiss"]
[EventCountry "RUS"]
[SourceTitle "playchess.com"]
[Source "ChessBase"]
[SourceQuality "1"]
[TimeControl "180+2"]

1. d4 Nf6 2. c4 e6 3. Nf3 d5 4. g3 g6 5. Bg2 Bg7 6. O-O O-O 7. Qc2 Nc6 8. Rd1 Ne4 9. Nc3 f5 10. a3 h6 11. b4 g5 12. cxd5 exd5 13. Bb2 Be6 14. e3 Qe8 15. Ne2 Rc8 16. Ne5 Bd7 17. Qb3 Nf6 18. Nc3 Ne7 19. b5 Be6 20. a4 Rd8 21. Ba3 Kh7 22. Rac1 Rg8 23. Qc2 Ng6 24. Ne2 Rc8 25. Qb2 Ne4 26. Nxg6 Qxg6 27. Qc2 Nd6 28. Bxd6 cxd6 29. Qb3 Rc4 30. Rc3 Rgc8 31. Rdc1 Qh5 32. Bf1 Qf3 33. R3c2 f4 34. Rxc4 dxc4 35. Qc2+ Kh8 36. Bg2 Qg4 37. exf4 gxf4 38. Nxf4 Bxd4 39. Re1 Be5 40. Ng6+ Kg7 41. Nxe5 dxe5 42. Rxe5 c3 43. Bxb7 Rd8 44. Qxc3 Rd1+ 45. Re1+ 1-0

[Event "RUS-ch Men Blitz 2019"]
[Site "Sochi"]
[Date "2019.10.20"]
[Round "2.7"]
[White "Potkin, Vladimir"]
[Black "Ulybin, Mikhail"]
[Result "1/2-1/2"]
[ECO "A06"]
[WhiteElo "2583"]
[BlackElo "2455"]
[Annotator "ChessBase"]
[PlyCount "101"]
[EventDate "2019.10.17"]
[EventType "swiss"]
[EventCountry "RUS"]
[SourceTitle "playchess.com"]
[Source "ChessBase"]
[SourceQuality "1"]
[TimeControl "180+2"]

1. Nf3 d5 2. e3 Nf6 3. c4 e6 4. Nc3 c5 5. d4 a6 6. cxd5 exd5 7. g3 Nc6 8. Bg2 Bg4 9. O-O cxd4 10. exd4 Be7 11. h3 Bf5 12. Ne5 O-O 13. Re1 Re8 14. g4 Be6 15. Be3 Rc8 16. Rc1 Na5 17. f4 Nc4 18. Nxc4 Rxc4 19. f5 Bc8 20. Nxd5 Rxc1 21. Nxe7+ Rxe7 22. Qxc1 b5 23. d5 Bb7 24. Bg5 Rxe1+ 25. Qxe1 h6 26. Bxf6 Qxf6 27. Qd2 Qd6 28. Kf2 Kf8 29. Qd4 f6 30. b4 Kf7 31. a3 Qd7 32. d6 Bxg2 33. Kxg2 Qc6+ 34. Kg3 Kf8 35. d7 Qc7+ 36. Kf3 Ke7 37. Ke4 Qc6+ 38. Qd5 Qc2+ 39. Kd4 Qf2+ 40. Kd3 Qf1+ 41. Kc2 Qe2+ 42. Kc3 Qe3+ 43. Kc2 Qe2+ 44. Kc3 Qe3+ 45. Qd3 Qxd3+ 46. Kxd3 Kxd7 47. Ke4 Kc6 48. Kd4 Kd6 49. Ke4 Kc6 50. Kd4 Kd6 51. Ke4 {[%emt 0:00:03] Ke5+} 1/2-1/2

[Event "RUS-ch Men Blitz 2019"]
[Site "Sochi"]
[Date "2019.10.17"]
[Round "2.9"]
[White "Mikhailovsky, Vladimir"]
[Black "Timofeev, Artyom"]
[Result "1-0"]
[ECO "B21"]
[WhiteElo "2209"]
[BlackElo "2595"]
[Annotator "ChessBase"]
[PlyCount "81"]
[EventDate "2019.10.17"]
[EventType "swiss"]
[EventCountry "RUS"]
[SourceTitle "playchess.com"]
[Source "ChessBase"]
[SourceQuality "1"]
[TimeControl "180+2"]

1. e4 c5 2. d4 cxd4 3. c3 d3 4. Bxd3 Nc6 5. Nf3 d6 6. O-O g6 7. Nbd2 Bg7 8. Qe2 Nf6 9. Nc4 O-O 10. h3 Be6 11. Bf4 d5 12. exd5 Bxd5 13. Rad1 Qe8 14. Rfe1 Rd8 15. Bc7 Rc8 16. Bh2 Bxc4 17. Bxc4 a6 18. Ne5 Nxe5 19. Bxe5 Qc6 20. Bb3 Rfd8 21. Rd4 Rxd4 22. Bxd4 e6 23. Rd1 Ne4 24. Be3 Nd6 25. Qd3 Nf5 26. Bf4 Bf6 27. Qd7 Qxd7 28. Rxd7 b5 29. Ra7 Rc6 30. g4 Nd6 31. g5 Bg7 32. Ra8+ Bf8 33. Bd1 Nc4 34. Bf3 Rc5 35. b3 Rf5 36. Bc7 Rxg5+ 37. Kf1 Nd2+ 38. Ke2 Nxf3 39. Bd6 Ng1+ 40. Kf1 h5 41. Bxf8 1-0

[Event "RUS-ch Men Blitz 2019"]
[Site "Sochi"]
[Date "2019.10.20"]
[Round "2.10"]
[White "Rozum, Ivan"]
[Black "Girshgorn, Leonid"]
[Result "0-1"]
[ECO "B06"]
[WhiteElo "2599"]
[BlackElo "2408"]
[Annotator "ChessBase"]
[PlyCount "270"]
[EventDate "2019.10.17"]
[EventType "swiss"]
[EventCountry "RUS"]
[SourceTitle "playchess.com"]
[Source "ChessBase"]
[SourceQuality "1"]
[TimeControl "180+2"]

1. d4 g6 2. e4 Bg7 3. c3 d6 4. Bd3 e5 5. Nf3 Ne7 6. O-O O-O 7. Re1 Bg4 8. Be3 exd4 9. Bxd4 Nbc6 10. Bxg7 Kxg7 11. Be2 Bxf3 12. Bxf3 Ne5 13. Be2 N7c6 14. f4 Nd7 15. Bc4 Qf6 16. Qf3 Rae8 17. Nd2 Nc5 18. Re2 Ne6 19. g3 Nc5 20. Rae1 h5 21. Kg2 h4 22. b4 Ne6 23. Bd5 Rh8 24. Bxc6 bxc6 25. e5 dxe5 26. Rxe5 Rd8 27. Ne4 Qe7 28. Nc5 Rd2+ 29. R1e2 h3+ 30. Kf2 Rhd8 31. Nxe6+ fxe6 32. Qg4 Rxe2+ 33. Rxe2 Rd6 34. Qxh3 Qf6 35. Re3 Rd2+ 36. Ke1 Rd6 37. Qg4 Kf7 38. h4 Rd5 39. Ke2 c5 40. a3 cxb4 41. axb4 a5 42. bxa5 Rxa5 43. Kf3 Rd5 44. Kg2 Qe7 45. Qf3 Qd6 46. Qe4 Rd2+ 47. Kh3 Qd7 48. g4 Rd5 49. Kg3 Rd1 50. h5 gxh5 51. Qh7+ Kf8 52. Qh8+ Ke7 53. Qh7+ Kf8 54. Qh6+ Kg8 55. Qg6+ Kf8 56. Qf6+ Kg8 57. Qg5+ Kf8 58. Qxh5 Rg1+ 59. Kf2 Qd2+ 60. Kxg1 Qxe3+ 61. Kg2 Qxf4 62. Qg6 Qd2+ 63. Kg3 Qxc3+ 64. Kh4 Qh8+ 65. Kg3 Qe5+ 66. Kf3 c5 67. Qh6+ Kf7 68. Qh7+ Qg7 69. Qd3 Qe5 70. Qd7+ Kf6 71. Qd8+ Kg6 72. Qe8+ Kh7 73. Qe7+ Kh6 74. Qf8+ Qg7 75. Qxc5 Qf6+ 76. Kg3 Kg6 77. Qc2+ Kg7 78. Qc7+ Kg6 79. Qc5 e5 80. Qc2+ Kh6 81. Qd2+ Kg7 82. Qe3 Kg6 83. Kh3 Qh8+ 84. Kg2 Qf6 85. Qd3+ Kg5 86. Qe2 Qf4 87. Kh3 e4 88. Qb5+ Kf6 89. Qc6+ Ke7 90. Qc5+ Ke6 91. Qc4+ Kd6 92. Qd4+ Kc6 93. Kh4 Qh2+ 94. Kg5 Qg2 95. Kf4 Qf3+ 96. Kg5 e3 97. Qc3+ Kd5 98. Qd3+ Kc5 99. Qc3+ Kb5 100. Qb3+ Kc5 101. Qc3+ Kd6 102. Qb4+ Ke5 103. Qc5+ Ke6 104. Qc8+ Kd6 105. Qd8+ Kc5 106. Qa5+ Kd4 107. Qb4+ Kd3 108. Qb3+ Ke2 109. Qc2+ Kf1 110. Qc4+ e2 111. Kh6 Qf6+ 112. Kh5 Qh8+ 113. Kg6 Qe8+ 114. Kh6 Kg2 115. Qc2 Qe6+ 116. Kh5 Kg3 117. Qc3+ Kh2 118. Qc7+ Kg1 119. Qc5+ Kf1 120. Qb5 Kg2 121. Qb7+ Kh3 122. Qh1+ Kg3 123. Qe1+ Kf3 124. g5 Qh3+ 125. Kg6 Qf1 126. Qc3+ Kg2 127. Qc6+ Kf2 128. Qc5+ Kg3 129. Qe5+ Kg2 130. Qb2 Qf2 131. Qb7+ Kg1 132. Kh7 e1=Q 133. g6 Qh4+ 134. Kg8 Qe8+ 135. Kg7 Qhh8# 0-1

[Event "RUS-ch Men Blitz 2019"]
[Site "Sochi"]
[Date "2019.10.17"]
[Round "2.10"]
[White "Kokarev, Dmitry"]
[Black "Jary, Sergey"]
[Result "0-1"]
[ECO "C11"]
[WhiteElo "2593"]
[BlackElo "2275"]
[Annotator "ChessBase"]
[PlyCount "58"]
[EventDate "2019.10.17"]
[EventType "swiss"]
[EventCountry "RUS"]
[SourceTitle "playchess.com"]
[Source "ChessBase"]
[SourceQuality "1"]
[TimeControl "180+2"]

1. e4 e6 2. d4 d5 3. Nc3 Nf6 4. Bg5 dxe4 5. Nxe4 Nbd7 6. Nf3 Be7 7. Nxf6+ Nxf6 8. c3 O-O 9. Qc2 h6 10. Bxf6 Bxf6 11. O-O-O Qe7 12. h4 e5 13. Re1 e4 14. Rxe4 Qd6 15. Bd3 b5 16. g4 Bb7 17. g5 Bxe4 18. Bxe4 Qf4+ 19. Kb1 Rae8 20. Bc6 Re6 21. gxf6 Rxc6 22. fxg7 Re8 23. Ne5 Rce6 24. a3 c5 25. Rg1 cxd4 26. cxd4 Qxd4 27. Nxf7 Re1+ 28. Ka2 Qd5+ 29. b3 Qxf7 0-1

[Event "RUS-ch Men Blitz 2019"]
[Site "Sochi"]
[Date "2019.10.17"]
[Round "2.11"]
[White "Zakaryan, David"]
[Black "Golubov, Saveliy"]
[Result "1-0"]
[ECO "B06"]
[WhiteElo "2338"]
[BlackElo "2469"]
[Annotator "RC"]
[PlyCount "108"]
[EventDate "2019.10.17"]
[EventType "swiss"]
[EventCountry "RUS"]
[SourceTitle "playchess.com"]
[Source "ChessBase"]
[SourceQuality "1"]
[TimeControl "180+2"]

1. d4 g6 2. Nc3 Bg7 3. e4 d6 4. Be3 a6 5. a4 b6 6. Nge2 Bb7 7. g3 Nf6 8. Bg2 O-O 9. h3 e5 10. dxe5 dxe5 11. Qxd8 Rxd8 12. O-O Nc6 13. Rfd1 Nb4 14. Rxd8+ Rxd8 15. Rc1 Ne8 16. b3 Bf8 17. Nd5 Kg7 18. Nec3 f5 19. Nxb4 Bxb4 20. Nd5 Ba3 21. Ra1 Bb2 22. Rb1 Bd4 23. Bxd4 exd4 24. Nf4 Bc8 25. exf5 Bxf5 26. g4 Bc8 27. Re1 Kf8 28. Bc6 Nd6 29. Kh2 Kf7 30. Nd5 Kf8 31. Nxc7 Nf7 32. Kg3 d3 33. cxd3 Rxd3+ 34. f3 Kg7 35. Ne8+ Kf8 36. Nf6 Rd6 37. Re8+ Kg7 38. Rxc8 Kxf6 39. Bb7 a5 40. h4 Ne5 41. Be4 h6 42. Re8 g5 43. hxg5+ hxg5 44. Rf8+ Ke7 45. Rf5 Nd7 46. Rxg5 Rd4 47. Rb5 Rd6 48. f4 Nc5 49. Bf5 Na6 50. g5 Nc5 51. Kg4 Kf7 52. b4 axb4 53. Rxb4 Nb7 54. Rc4 Rd8 1-0

[Event "RUS-ch Men Blitz 2019"]
[Site "Sochi"]
[Date "2019.10.20"]
[Round "2.12"]
[White "Tsydypov, Zhamsaran"]
[Black "Chizhikov, Vladislav"]
[Result "1-0"]
[ECO "C40"]
[WhiteElo "2553"]
[BlackElo "2273"]
[Annotator "ChessBase"]
[PlyCount "118"]
[EventDate "2019.10.17"]
[EventType "swiss"]
[EventCountry "RUS"]
[SourceTitle "playchess.com"]
[Source "ChessBase"]
[SourceQuality "1"]
[TimeControl "180+2"]

1. e4 e5 2. Nf3 d5 3. exd5 e4 4. Qe2 Nf6 5. d3 Qxd5 6. Nfd2 Nc6 7. Nxe4 Be6 8. Nbc3 Qd7 9. Be3 O-O-O 10. O-O-O Nd4 11. Qe1 Bb4 12. a3 Ba5 13. Nc5 Qc6 14. Nxe6 Nxe6 15. Be2 Nd4 16. Bxd4 Rxd4 17. Bf3 Qc5 18. b4 Rxb4 19. axb4 Bxb4 20. Kb2 Ba3+ 21. Ka2 Qa5 22. Ra1 Re8 23. Qd2 Re6 24. Ne4 Bb4+ 25. Kb1 Bxd2 26. Rxa5 Bxa5 27. Nc5 Rb6+ 28. Nb3 Bc3 29. Kc1 a5 30. Nc5 Bd4 31. Nb3 Bxf2 32. Kd2 a4 33. Na5 Bc5 34. Nc4 Re6 35. Rb1 c6 36. c3 b5 37. Na5 Kc7 38. Nxc6 Rxc6 39. Rxb5 Be3+ 40. Kxe3 Rxc3 41. Rb7+ Kd6 42. Rxf7 a3 43. Ra7 g5 44. Kd4 Rb3 45. Ra6+ Ke7 46. Kc4 Rb2 47. Rxa3 g4 48. Ba8 Rc2+ 49. Kd4 Re2 50. Ra7+ Ke6 51. Ra5 h5 52. h3 gxh3 53. gxh3 Rh2 54. Bb7 Ke7 55. Bc8 Re2 56. Ra6 h4 57. Ra5 Kd8 58. Bf5 Rf2 59. Ke5 Nd7+ 1-0

[Event "RUS-ch Men Blitz 2019"]
[Site "Sochi"]
[Date "2019.10.17"]
[Round "2.12"]
[White "Nozdrachev, Vladislav"]
[Black "Yatzenko, Anton"]
[Result "1-0"]
[ECO "C47"]
[WhiteElo "2494"]
[BlackElo "2383"]
[Annotator "ChessBase"]
[PlyCount "41"]
[EventDate "2019.10.17"]
[EventType "swiss"]
[EventCountry "RUS"]
[SourceTitle "playchess.com"]
[Source "ChessBase"]
[SourceQuality "1"]
[TimeControl "180+2"]

1. e4 e5 2. Nf3 Nc6 3. Nc3 Nf6 4. Be2 Bc5 5. Nxe5 Nxe5 6. d4 Bxd4 7. Qxd4 d6 8. O-O O-O 9. Bg5 h6 10. Bh4 Ng6 11. Bxf6 gxf6 12. Nd5 Kg7 13. Rad1 Be6 14. Ne3 Re8 15. f4 Bd7 16. Bc4 b5 17. Bd5 c6 18. Bb3 Qe7 19. Qxd6 Qxe4 20. Qxd7 Re7 21. Nf5+ 1-0

[Event "RUS-ch Men Blitz 2019"]
[Site "Sochi"]
[Date "2019.10.17"]
[Round "2.14"]
[White "Savchenko, Boris"]
[Black "Shcherbin, Matvei"]
[Result "0-1"]
[ECO "B20"]
[WhiteElo "2581"]
[BlackElo "2366"]
[Annotator "RC"]
[PlyCount "140"]
[EventDate "2019.10.17"]
[EventType "swiss"]
[EventCountry "RUS"]
[SourceTitle "playchess.com"]
[Source "ChessBase"]
[SourceQuality "1"]
[TimeControl "180+2"]

1. e4 c5 2. Be2 Nc6 3. f4 d5 4. d3 Nf6 5. e5 Nd7 6. c4 e6 7. Nc3 dxc4 8. dxc4 Be7 9. Nf3 O-O 10. Be3 f6 11. exf6 Bxf6 12. Qd6 Qb6 13. O-O-O Nd4 14. Qxb6 Nxe2+ 15. Nxe2 axb6 16. a3 Nb8 17. Nd2 Bd7 18. Kc2 Bc6 19. Rhg1 Nd7 20. Nc3 Bxc3 21. Kxc3 Nf6 22. Kc2 Ng4 23. Rde1 Nxe3+ 24. Rxe3 Rxf4 25. Re2 Raf8 26. g3 Rf2 27. Rge1 e5 28. h4 Rxe2 29. Rxe2 Re8 30. Rf2 Rf8 31. Re2 Re8 32. Kc3 b5 33. cxb5 Bxb5 34. Re3 b6 35. Nc4 Bxc4 36. Kxc4 Kf7 37. Kd5 Kf6 38. Rf3+ Kg6 39. Rb3 Kf5 40. Rf3+ Kg4 41. Ke4 Re7 42. a4 g6 43. Rf6 Ra7 44. b3 Ra6 45. Kxe5 Kxg3 46. Rf7 c4 47. bxc4 Rxa4 48. Kd5 Ra5+ 49. Kd4 Rh5 50. Rb7 Rxh4+ 51. Kd3 Rh1 52. Rxb6 Rc1 53. Kd4 Kf4 54. Rf6+ Kg5 55. Rf2 h5 56. Rg2+ Kf5 57. Rf2+ Kg5 58. Rg2+ Kh6 59. c5 h4 60. Re2 Kh5 61. Re8 g5 62. Kd5 h3 63. Rh8+ Kg4 64. c6 Kg3 65. Kd6 h2 66. c7 g4 67. Rh5 Kg2 68. Rc5 Rxc5 69. Kxc5 h1=Q 70. c8=Q Qc1+ 0-1

[Event "RUS-ch Men Blitz 2019"]
[Site "Sochi"]
[Date "2019.10.17"]
[Round "2.15"]
[White "Remizov, Yaroslav"]
[Black "Bocharov, Dmitry"]
[Result "1/2-1/2"]
[ECO "B06"]
[WhiteElo "2394"]
[BlackElo "2519"]
[Annotator "ChessBase"]
[PlyCount "86"]
[EventDate "2019.10.17"]
[EventType "swiss"]
[EventCountry "RUS"]
[SourceTitle "playchess.com"]
[Source "ChessBase"]
[SourceQuality "1"]
[TimeControl "180+2"]

1. e4 g6 2. d4 Bg7 3. Nf3 d6 4. Nc3 a6 5. Bd3 Bg4 6. Be3 Nc6 7. d5 Bxf3 8. gxf3 Ne5 9. Be2 c6 10. f4 Nd7 11. Bd4 Bf6 12. dxc6 bxc6 13. Qd2 c5 14. Be3 Qa5 15. Nd5 Qxd2+ 16. Kxd2 Rb8 17. Nc7+ Kf8 18. Nxa6 Rb7 19. a4 e5 20. f5 gxf5 21. exf5 Ne7 22. b4 cxb4 23. Rab1 Nxf5 24. Rxb4 Rxb4 25. Nxb4 Nxe3 26. fxe3 Nc5 27. a5 e4 28. a6 Kg7 29. Rg1+ Kh6 30. Rf1 Kg7 31. Rg1+ Kh6 32. Bc4 Rb8 33. Nd5 Be5 34. Ne7 Rf8 35. Nf5+ Kh5 36. a7 Ne6 37. Bd5 Bxh2 38. Rh1 Kg5 39. Rxh2 Kxf5 40. a8=Q Rxa8 41. Bxa8 Ng5 42. Rh5 Kg4 43. Rxg5+ Kxg5 1/2-1/2

[Event "RUS-ch Men Blitz 2019"]
[Site "Sochi"]
[Date "2019.10.17"]
[Round "2.17"]
[White "Stambulian, Arsen"]
[Black "Rozum, Ivan"]
[Result "0-1"]
[ECO "C41"]
[WhiteElo "2306"]
[BlackElo "2599"]
[Annotator "ChessBase"]
[PlyCount "62"]
[EventDate "2019.10.17"]
[EventType "swiss"]
[EventCountry "RUS"]
[SourceTitle "playchess.com"]
[Source "ChessBase"]
[SourceQuality "1"]
[TimeControl "180+2"]

1. e4 d6 2. d4 Nf6 3. Nc3 e5 4. Nf3 Nbd7 5. Bc4 Be7 6. O-O O-O 7. Qe2 c6 8. a4 Qc7 9. Ba2 b6 10. h3 Bb7 11. Be3 a6 12. dxe5 dxe5 13. Nd2 b5 14. Rfe1 Nc5 15. axb5 axb5 16. f3 Nh5 17. Qf2 Na4 18. Nxa4 Rxa4 19. Bb3 Raa8 20. Bc5 Nf4 21. Nf1 g6 22. Bxe7 Qxe7 23. Ne3 h5 24. Kh2 h4 25. Ng4 Kg7 26. Qd2 Rxa1 27. Rxa1 Bc8 28. Qc3 Bxg4 29. hxg4 Rd8 30. Qe3 c5 31. c4 Rd3 0-1

[Event "RUS-ch Men Blitz 2019"]
[Site "Sochi"]
[Date "2019.10.17"]
[Round "2.18"]
[White "Sakaev, Konstantin"]
[Black "Musalov, Ruslan"]
[Result "1-0"]
[ECO "D35"]
[WhiteElo "2595"]
[BlackElo "2348"]
[Annotator "RC"]
[PlyCount "109"]
[EventDate "2019.10.17"]
[EventType "swiss"]
[EventCountry "RUS"]
[SourceTitle "playchess.com"]
[Source "ChessBase"]
[SourceQuality "1"]
[TimeControl "180+2"]

1. d4 d5 2. c4 e6 3. Nc3 Nf6 4. cxd5 exd5 5. Bg5 Be7 6. e3 b6 7. Bd3 Bb7 8. Nge2 h6 9. Bh4 a6 10. O-O Nbd7 11. Rc1 O-O 12. a3 Rc8 13. Bf5 g6 14. Bb1 Ne4 15. Bxe7 Qxe7 16. b4 Kg7 17. Nxe4 dxe4 18. Qb3 Nf6 19. Nc3 Rfd8 20. h3 c5 21. dxc5 bxc5 22. bxc5 Rxc5 23. Na4 Rxc1 24. Rxc1 Bd5 25. Qc3 Kg8 26. Nb6 Be6 27. a4 Nd5 28. Nxd5 Bxd5 29. a5 Qe6 30. Qc7 Rd7 31. Qc8+ Kg7 32. Qb8 Qd6 33. Qb2+ Qf6 34. Qb4 Qd6 35. Qxd6 Rxd6 36. Rd1 Rd7 37. Bxe4 Be6 38. Rxd7 Bxd7 39. f4 Kf6 40. Kf2 Ke6 41. Bd3 Bc8 42. Bc4+ Ke7 43. e4 f6 44. Ke3 Kd6 45. Kd4 Bb7 46. e5+ Ke7 47. g3 g5 48. h4 Bc8 49. Kc5 gxf4 50. gxf4 fxe5 51. fxe5 Bb7 52. Kb6 Be4 53. Kxa6 Kd7 54. Kb6 Kc8 55. a6 1-0

[Event "RUS-ch Men Blitz 2019"]
[Site "Sochi"]
[Date "2019.10.20"]
[Round "2.18"]
[White "Jary, Sergey"]
[Black "Zakhartsov, Vladimir"]
[Result "0-1"]
[ECO "A48"]
[WhiteElo "2275"]
[BlackElo "2514"]
[Annotator "ChessBase"]
[PlyCount "74"]
[EventDate "2019.10.17"]
[EventType "swiss"]
[EventCountry "RUS"]
[SourceTitle "playchess.com"]
[Source "ChessBase"]
[SourceQuality "1"]
[TimeControl "180+2"]

1. d4 Nf6 2. Nf3 g6 3. Bf4 Bg7 4. e3 O-O 5. h3 d6 6. Nbd2 Nbd7 7. Be2 Qe8 8. O-O e5 9. Bh2 Qe7 10. Re1 e4 11. Nh4 Nb6 12. Bg4 Nxg4 13. hxg4 Qxh4 14. Nxe4 Qxg4 15. Qxg4 Bxg4 16. Rac1 Rfe8 17. Nd2 Rad8 18. c4 c5 19. f3 Bc8 20. d5 Bxb2 21. Rc2 Be5 22. f4 Bd4 23. Kf2 Bf5 24. Rcc1 Bb2 25. Kf3 Bxc1 26. Rxc1 h5 27. e4 Bg4+ 28. Kf2 Nd7 29. Rb1 b6 30. Rb3 Re7 31. Re3 Rde8 32. Bg3 Bf5 33. Bh4 Rxe4 34. Nxe4 Rxe4 35. Rxe4 Bxe4 36. Ke3 Bb1 37. a3 f6 {[%emt 0:00:05] Kd4} 0-1

[Event "RUS-ch Men Blitz 2019"]
[Site "Sochi"]
[Date "2019.10.17"]
[Round "2.19"]
[White "Sysolyatin, Evgeny"]
[Black "Yuffa, Daniil"]
[Result "0-1"]
[ECO "B19"]
[WhiteElo "2271"]
[BlackElo "2577"]
[Annotator "RC"]
[PlyCount "105"]
[EventDate "2019.10.17"]
[EventType "swiss"]
[EventCountry "RUS"]
[SourceTitle "playchess.com"]
[Source "ChessBase"]
[SourceQuality "1"]
[TimeControl "180+2"]

1. e4 c6 2. d4 d5 3. Nc3 dxe4 4. Nxe4 Bf5 5. Ng3 Bg6 6. h4 h6 7. Nf3 Nd7 8. h5 Bh7 9. Bd3 Bxd3 10. Qxd3 e6 11. Bf4 Qa5+ 12. Bd2 Bb4 13. c3 Be7 14. c4 Qc7 15. O-O-O Ngf6 16. Kb1 b5 17. Rc1 Qb7 18. Ne5 Nxe5 19. dxe5 Rd8 20. Qc2 Nd7 21. f4 O-O 22. cxb5 cxb5 23. Qe4 Qxe4+ 24. Nxe4 Rc8 25. Be3 Nb6 26. Bxb6 axb6 27. Rhd1 Rxc1+ 28. Kxc1 Rc8+ 29. Kd2 f5 30. exf6 gxf6 31. Rc1 Rxc1 32. Kxc1 f5 33. Nc3 b4 34. Ne2 Bc5 35. Kc2 Kf7 36. Kd3 Ke7 37. Nd4 Kd6 38. Nf3 Bf2 39. Ne5 Ke7 40. Kc4 Be3 41. Nd3 Kd6 42. Kxb4 Kd5 43. Kc3 Ke4 44. a4 Bd4+ 45. Kc4 Bg1 46. b4 Ke3 47. a5 bxa5 48. bxa5 Ke2 49. Nc5 Bh2 50. a6 Bxf4 51. a7 Kf2 52. a8=Q Kg1 53. Qf3 0-1

[Event "RUS-ch Men Blitz 2019"]
[Site "Sochi"]
[Date "2019.10.17"]
[Round "2.20"]
[White "Antipov, Mikhail Al."]
[Black "Ivlev, Aleksey"]
[Result "1-0"]
[ECO "C50"]
[WhiteElo "2567"]
[BlackElo "2292"]
[Annotator "RC"]
[PlyCount "93"]
[EventDate "2019.10.17"]
[EventType "swiss"]
[EventCountry "RUS"]
[SourceTitle "playchess.com"]
[Source "ChessBase"]
[SourceQuality "1"]
[TimeControl "180+2"]

1. e4 e5 2. Nf3 Nc6 3. Bc4 Bc5 4. O-O Nf6 5. d3 d6 6. c3 a5 7. h3 h6 8. Nbd2 O-O 9. Re1 Be6 10. Bb5 Ba7 11. Nf1 Ne7 12. d4 Ng6 13. Ng3 c6 14. Bd3 Re8 15. Be3 b5 16. a4 b4 17. cxb4 axb4 18. Qc2 c5 19. dxe5 dxe5 20. Bc4 Qa5 21. Nd2 Rad8 22. Bxe6 Rxe6 23. Nc4 Qa6 24. Red1 Ree8 25. b3 Qe6 26. Nf5 Qc6 27. f3 Qe6 28. Nfd6 Rf8 29. Nb5 Qe7 30. Qf2 Rc8 31. Rd6 Nh5 32. Rad1 Nhf4 33. Rd7 Qg5 34. Kh2 Bb8 35. g3 Qh5 36. gxf4 exf4 37. Bc1 Nh4 38. Rf1 Rc6 39. Nbd6 Qg5 40. Rg1 Qh5 41. Rg4 Ng6 42. Nf5 Kh7 43. Bb2 Rg8 44. Rxf7 Rc7 45. Ncd6 Rxf7 46. Nxf7 Rf8 47. Nxg7 1-0

[Event "RUS-ch Men Blitz 2019"]
[Site "Sochi"]
[Date "2019.10.17"]
[Round "2.21"]
[White "Truskavetsky, Alexandr"]
[Black "Triapishko, Alexandr"]
[Result "0-1"]
[ECO "A20"]
[WhiteElo "2398"]
[BlackElo "2514"]
[Annotator "ChessBase"]
[PlyCount "66"]
[EventDate "2019.10.17"]
[EventType "swiss"]
[EventCountry "RUS"]
[SourceTitle "playchess.com"]
[Source "ChessBase"]
[SourceQuality "1"]
[TimeControl "180+2"]

1. c4 e5 2. g3 Nf6 3. Bg2 Bc5 4. Nc3 c6 5. e3 d5 6. cxd5 Nxd5 7. Nge2 O-O 8. O-O Be6 9. a3 a5 10. Qc2 Nd7 11. b3 Qe7 12. Bb2 Ba7 13. Rfd1 Nxc3 14. Bxc3 Bg4 15. d4 Bxe2 16. Qxe2 exd4 17. Bxd4 Bxd4 18. Rxd4 Nc5 19. Qc2 Ne6 20. Rc4 Rfd8 21. Qb2 Rd7 22. b4 axb4 23. axb4 Rad8 24. Re1 g6 25. h4 Rd2 26. Qc1 Qf6 27. Rf1 Qb2 28. Qxb2 Rxb2 29. Bh3 Nc7 30. Re4 Nd5 31. Rd1 Rb8 32. Bg2 Nc3 33. Red4 Nxd1 0-1

[Event "RUS-ch Men Blitz 2019"]
[Site "Sochi"]
[Date "2019.10.17"]
[Round "2.22"]
[White "Popov, Valerij"]
[Black "Gabitov, Ruslan"]
[Result "1-0"]
[ECO "E91"]
[WhiteElo "2535"]
[BlackElo "2172"]
[Annotator "ChessBase"]
[PlyCount "69"]
[EventDate "2019.10.17"]
[EventType "swiss"]
[EventCountry "RUS"]
[SourceTitle "playchess.com"]
[Source "ChessBase"]
[SourceQuality "1"]
[TimeControl "180+2"]

1. c4 g6 2. d4 Bg7 3. Nf3 d6 4. Nc3 Nf6 5. e4 O-O 6. Be2 Qe8 7. O-O e5 8. d5 Nfd7 9. Be3 a5 10. Nd2 f5 11. f3 Na6 12. a3 Nf6 13. b4 f4 14. Bf2 g5 15. c5 Rf7 16. cxd6 cxd6 17. Nc4 Bf8 18. Nxa5 Rg7 19. Nc4 g4 20. fxg4 Bxg4 21. Bxg4 Nxg4 22. Nb6 Rd8 23. Qf3 Nf6 24. Bh4 Be7 25. Bxf6 Bxf6 26. Rac1 h5 27. Rc2 h4 28. Rfc1 Qg6 29. Nd1 Qh6 30. Nf2 Nb8 31. Rc8 Kh7 32. Ng4 Qg6 33. Nxf6+ Qxf6 34. Qh5+ Kg8 35. Rxd8+ 1-0